cohdb
Replays
Latest Replays
All Replays
Popular Replays
Top Player Replays
Match Explorer
How It Works
Community
CoH3 Stats
Reddit
Sign in to upload your games and track your stats! →
Sign in with Steam
Match 42757981
Unlisted
Match 42757981
Overview
Messages
Build Orders
End
Vickers Machine Gun Team
Construct Section Command Post
ML 3-inch Mortar Team
Infantry Section
Infantry Section
Construct Platoon Command Post
CMP 15cwt Truck
Royal Engineer Section
6-pounder Anti-tank Gun Team
Unlock Bishop Self-propelled Artillery
Selects Indian Artillery Battlegroup
Selects Valour
6-pounder Anti-tank Gun Team
Bishop Self-propelled Artillery
Selects Gurkha Rifles Section
Gurkha Rifles Section
⁂ ☢ [12thGGR]HL008 ☢ ⁂
Manstein
NoobMaster
Mike498 | Братство |
kerem
ShadowStorm
funny mud pee
Doge
0
0
Comments
sign in to comment!
No comments posted yet!